 Dungeon Crawl Stone Soup version 0.26.0-16-gc1dbca0489 (webtiles) character file.

Game seed: 15256965880073441

3358 EnegeticOcto the Grappler (level 10, -3/88 HPs)
             Began as a Ghoul Venom Mage on Jan 20, 2021.
             Was an Initiate of Kikubaaqudgha.
             Slain by a two-headed ogre
             ... wielding a +0 giant spiked club
              (26 damage)
             ... on level 8 of the Dungeon.
             The game lasted 00:11:44 (9101 turns).

EnegeticOcto the Grappler (Ghoul Venom Mage)        Turns: 9101, Time: 00:11:45

Health: -3/88      AC:  9    Str: 16    XL:     10   Next: 3%
Magic:  0/11       EV:  5    Int: 10    God:    Kikubaaqudgha [......]
Gold:   313        SH: 15    Dex:  9    Spells: 12/12 levels left

rFire    + . .     SeeInvis .     - Unarmed
rCold    + . .     Faith    .   t - +2 tower shield
rNeg     + + +     Spirit   +   y - +1 scale mail {rF+}
rPois    ∞         Reflect  .   (no helmet)
rElec    .         Harm     .   l - +0 cloak
rCorr    .         Rampage  .   (no gloves)
Will     .....                  d - +0 pair of boots
Stlth    ..........             k - amulet of guardian spirit
HPRegen  0.00/turn              (no ring)
MPRegen  0.12/turn              (no ring)

@: no status effects
A: claws 1, cold resistance 1, negative energy resistance 3, inhibited
regeneration, torment resistance, unbreathing
a: Renounce Religion


You were on level 8 of the Dungeon.
You worshipped Kikubaaqudgha.
Kikubaaqudgha was noncommittal.
You visited 2 branches of the dungeon, and saw 9 of its levels.

You collected 313 gold pieces.

Inventory:

Hand Weapons
 b - a +1 longbow
   (You found it on level 2 of the Dungeon)
 n - a +0 dagger of venom
   (You took it off a goblin on level 2 of the Dungeon)
Missiles
 j - 151 arrows
Armour
 d - a +0 pair of boots (worn)
   (You found it on level 7 of the Dungeon)
 e - a +0 chain mail
   (You found it on level 4 of the Dungeon)
 i - a +2 ring mail of cold resistance
   (You took it off an orc priest on level 6 of the Dungeon)
 l - a +0 cloak (worn)
   (You found it on level 2 of the Dungeon)
 t - a +2 tower shield (worn)
   (You took it off an orc on level 7 of the Dungeon)
 y - a +1 scale mail of fire resistance (worn)
   (You took it off Harold on level 7 of the Dungeon)
Jewellery
 f - an uncursed amulet of the acrobat
   (You found it on level 1 of the Dungeon)
 k - an amulet of guardian spirit (around neck)
   (You found it on level 4 of the Dungeon)
Wands
 h - a wand of polymorph (3)
   (You took it off a wight on level 6 of the Dungeon)
 x - a wand of random effects (8)
   (You found it on level 7 of the Dungeon)
Scrolls
 m - a scroll of blinking {@r4}
 p - a scroll of remove curse {@r2}
 v - a scroll of teleportation {@r3 !r}
Potions
 a - a potion of magic
 c - 3 potions of curing {@q1 !q}
 g - a potion of cancellation
 o - a potion of haste {unknown}
 q - a potion of resistance {unknown}
 r - a potion of degeneration {unknown}
 s - a potion of invisibility
 u - a potion of brilliance {unknown}


   Skills:
 - Level 8.0 Fighting
 - Level 1.7 Dodging
 - Level 2.1 Stealth
 + Level 4.2 Shields
 - Level 10.2 Unarmed Combat
 - Level 1.7 Spellcasting
 - Level 0.8 Transmutations
 - Level 3.0 Poison Magic
 + Level 4.3 Evocations


You had 12 spell levels left.
You didn't know any spells.
Your spell library contained the following spells:

 Spells                   Type           Power        Failure   Level
 Animate Skeleton         Necr           0%           100%        1
 Apportation              Tloc           0%           100%        1
 Corona                   Hex            0%           100%        1
 Sting                    Tmut/Pois      16%          100%        1
 Summon Small Mammal      Summ           0%           100%        1
 Poisonous Vapours        Pois/Air       6%           100%        2
 Confusing Touch          Hex            0%           100%        3
 Gell's Gravitas          Tloc           0%           100%        3
 Ignite Poison            Fire/Tmut/Pois 3%           100%        3
 Mephitic Cloud           Conj/Pois/Air  2%           100%        3
 Olgreb's Toxic Radiance  Pois           6%           100%        4
 Petrify                  Tmut/Erth      1%           100%        4
 Metabolic Englaciation   Hex/Ice        0%           100%        5
 Yara's Violent Unravell  Hex/Tmut       0%           100%        5


Dungeon Overview and Level Annotations

Branches:
Dungeon (8/15)             Temple (1/1) D:7
   Lair: D:8-11

Altars:
Ashenzari
Dithmenos
Elyvilon
Gozag
Kikubaaqudgha
Okawaru
Qazlal
Sif Muna
Trog
Uskayaw
Wu Jian
Xom
Yredelemnul
Zin
The Shining One


Innate Abilities, Weirdness & Mutations

You thrive by killing the living.
You are immune to poison.
You have sharp fingernails.
Your flesh is cold resistant. (rC+)
You are immune to negative energy. (rN+++)
You do not regenerate when monsters are visible.
You are immune to unholy pain and torment.
You can survive without breathing.


Message History

The ice beast is almost dead.
The ice beast hits you but does no damage. x2
You completely miss the ice beast.
The ice beast is almost dead.
The ice beast hits you. The ice beast freezes you! You resist.
You claw the ice beast!
You kill the ice beast!
Kikubaaqudgha accepts your kill.
Your Shields skill increases to level 4!
Your Evocations skill increases to level 4!
No target in view!
No target in view!
No target in view!
No target in view!
No target in view!
No target in view!
No target in view!
You now have 313 gold pieces (gained 18).
A bullfrog comes into view.
A bullfrog is nearby!
A bullfrog comes into view.
The bullfrog gives a loud, deep croak!
You hear two shouts!
You hear a bark!
A two-headed ogre comes into view.
It is wielding a +0 giant spiked club and a +0 dire flail.
You completely miss the bullfrog. You block the bullfrog's attack.
A quokka zombie comes into view.
The bullfrog hits you but does no damage.
You claw the bullfrog!
The bullfrog is heavily wounded.
A jackal comes into view.
You block the bullfrog's attack.
You closely miss the bullfrog.
The bullfrog is heavily wounded.
The bullfrog hits you but does no damage.
You claw the bullfrog!
You kill the bullfrog!
Kikubaaqudgha accepts your kill.
The bullfrog hits you but does no damage.
You have reached level 10!
You feel stronger.
You closely miss the bullfrog. The bullfrog hits you.
You barely miss the bullfrog. You block the bullfrog's attack.
You claw the bullfrog!
The bullfrog is heavily wounded.
You block the bullfrog's attack.
A jackal comes into view.
You block the bullfrog's attack.
You closely miss the bullfrog.
The bullfrog is heavily wounded.
The jackal barks!
You block the bullfrog's attack.
The bullfrog hits you but does no damage.
Your scale mail prevents you from hitting the bullfrog.
The bullfrog is heavily wounded.
The bullfrog hits you.
You claw the bullfrog!
You kill the bullfrog!
Kikubaaqudgha accepts your kill. You block the jackal's attack.
You closely miss the jackal. You block the jackal's attack.
Your shield and scale mail prevent you from hitting the jackal.
You block the jackal's attack. The jackal barely misses you.
You scratch the jackal.
The jackal is moderately wounded.
You claw the two-headed ogre!
The two-headed ogre is moderately wounded.
You closely miss the two-headed ogre.
The two-headed ogre is moderately wounded.
The two-headed ogre hits you with a +0 giant spiked club!
You block the two-headed ogre's attack.
You completely miss the two-headed ogre.
The two-headed ogre is moderately wounded.
You block the two-headed ogre's attack. x2
You claw the two-headed ogre!
The two-headed ogre is heavily wounded.
The two-headed ogre barely misses you.
The two-headed ogre hits you but does no damage.
You barely miss the two-headed ogre.
The two-headed ogre is heavily wounded.
You closely miss the two-headed ogre.
The two-headed ogre is heavily wounded.
The two-headed ogre hits you with a +0 giant spiked club!!
The two-headed ogre hits you with a +0 dire flail!
You claw the two-headed ogre!
The two-headed ogre is severely wounded.
The two-headed ogre hits you but does no damage.
You block the two-headed ogre's attack.
You scratch the two-headed ogre but do no damage.
The two-headed ogre is severely wounded.
You block the two-headed ogre's attack.
The two-headed ogre hits you with a +0 dire flail.
You barely miss the two-headed ogre.
The two-headed ogre is severely wounded.
You block the two-headed ogre's attack.
The two-headed ogre hits you with a +0 dire flail!
* * * LOW HITPOINT WARNING * * *
You scratch the two-headed ogre but do no damage.
The two-headed ogre is severely wounded.
The two-headed ogre hits you with a +0 giant spiked club!!
You die...
Kikubaaqudgha rasps: "You have failed me!
Welcome... oblivion!"

##########
#....hO@.######
..##..##......#
.... ######.#
.... #.# ...
#.# .. #.# .
######.#######
..............#
..............#


You could see a two-headed ogre and a jackal.

Vanquished Creatures
  Harold (D:7)
  An acid dragon (D:8)
  4 ice beasts
  2 black bears (D:7)
  3 phantoms
  A necrophage (D:7)
  3 ogres
  A centaur (D:5)
  5 bullfrogs
  2 scorpions (D:7)
  4 wights
  A howler monkey (D:6)
  A centaur zombie (D:6)
  3 hounds
  A bullfrog skeleton (D:7)
  5 orc priests
  3 iguanas
  3 worker ants
  A hound skeleton (D:7)
  A worker ant zombie (D:5)
  4 gnolls
  6 adders
  A shadow imp (D:3)
  A white imp (D:5)
  An ooze (D:2)
  An adder zombie (D:6)
  3 worms
  A dart slug (D:3)
  2 leopard geckos
  27 orcs
  A giant cockroach (D:3)
  10 goblins
  10 hobgoblins
  7 jackals
  5 kobolds
  2 quokkas
  A ball python (D:4)
  13 bats
  3 frilled lizards
  8 rats
153 creatures vanquished.

Vanquished Creatures (collateral kills)
  A worker ant (D:8)
1 creature vanquished.

Grand Total: 154 creatures vanquished

Notes
Turn   | Place    | Note
-------+----------+-------------------------------------------
     0 | D:1      | EnegeticOcto the Ghoul Venom Mage began the quest for the
                  | Orb.
     0 | D:1      | Reached XP level 1. HP: 14/14 MP: 2/2
   268 | D:1      | Reached skill level 1 in Unarmed Combat
   485 | D:1      | Reached XP level 2. HP: 19/22 MP: 3/3
   539 | D:1      | Found a glowing golden altar of the Shining One.
   692 | D:1      | Reached skill level 1 in Fighting
  1080 | D:2      | Reached skill level 2 in Unarmed Combat
  1226 | D:2      | Reached XP level 3. HP: 25/28 MP: 4/4
  1669 | D:2      | Reached skill level 3 in Unarmed Combat
  1765 | D:2      | Reached skill level 2 in Fighting
  1765 | D:2      | Reached XP level 4. HP: 35/36 MP: 5/5
  2766 | D:3      | Reached XP level 5. HP: 42/42 MP: 6/6
  2780 | D:3      | Reached skill level 4 in Unarmed Combat
  3166 | D:4      | Reached skill level 3 in Fighting
  3427 | D:4      | Noticed an ogre
  3440 | D:4      | Killed an ogre
  3441 | D:4      | Reached skill level 5 in Unarmed Combat
  3441 | D:4      | Reached XP level 6. HP: 25/51 MP: 7/7
  3955 | D:5      | Entered Level 5 of the Dungeon
  4006 | D:5      | Reached skill level 4 in Fighting
  4006 | D:5      | Reached skill level 6 in Unarmed Combat
  4160 | D:5      | Noticed an ice beast
  4175 | D:5      | Reached XP level 7. HP: 49/59 MP: 6/8
  4723 | D:6      | Reached skill level 7 in Unarmed Combat
  4842 | D:6      | Reached skill level 5 in Fighting
  4896 | D:6      | Reached XP level 8. HP: 68/68 MP: 9/9
  5268 | D:6      | Reached skill level 8 in Unarmed Combat
  5951 | D:7      | Noticed Harold
  5978 | D:6      | Reached skill level 6 in Fighting
  6175 | D:7      | Reached skill level 9 in Unarmed Combat
  6654 | D:7      | Found a staircase to the Ecumenical Temple.
  6660 | Temple   | Entered the Ecumenical Temple
  6716 | Temple   | Became a worshipper of Kikubaaqudgha
  7138 | D:7      | Reached XP level 9. HP: 66/78 MP: 10/10
  7221 | D:7      | Reached skill level 7 in Fighting
  7221 | D:7      | Reached skill level 10 in Unarmed Combat
  7842 | D:7      | Found a staircase to the Ecumenical Temple.
  8260 | D:7      | Killed Harold
  8261 | D:7      | Reached skill level 2 in Shields
  8261 | D:7      | Reached skill level 2 in Evocations
  8431 | D:8      | Noticed Psyche
  8433 | D:8      | Noticed Psyche
  8433 | D:8      | Psyche changed into Psyche the acid dragon
  8576 | D:8      | Killed Psyche the acid dragon
  8577 | D:8      | Reached skill level 8 in Fighting
  8719 | D:8      | Reached skill level 3 in Evocations
  8724 | D:8      | Reached skill level 3 in Shields
  8975 | D:8      | Reached skill level 4 in Shields
  8975 | D:8      | Reached skill level 4 in Evocations
  9078 | D:8      | Noticed a two-headed ogre
  9083 | D:8      | Reached XP level 10. HP: 88/88 MP: 11/11
  9101 | D:8      | Slain by a two-headed ogre

Illustrated notes

Levels and vault maps discovered:
D:1:      dpeg_arrival_connections, layout_basic, tso_altar
D:2:      minmay_diamond_boxcup, layout_basic
D:3:      layout_basic, serial_curves, eino_curves_01, eino_curves_02,
          kennysheep_generic_room_15
D:4:      layout_basic
D:5:      layout_basic
D:6:      layout_gridville
D:7:      layout_gridville, temple_statues, uniq_harold
D:8:      layout_basic, serial_shops, shop, st_stairs_5, uniq_psyche
Temple:   compressed_dpeg_circular_temple

Skill      XL: |  1  2  3  4  5  6  7  8  9 |
---------------+----------------------------+-----
Unarmed Combat | 1 2 3 5 6 7 9 10 | 10.2
Fighting       | 1 2 3 4 5 6 8 |  8.0
Shields        | 4 |  4.2
Evocations     | 4 |  4.3
Dodging        | |  1.7
Stealth        | |  2.1
Spellcasting   | |  1.7
Transmutations | |  0.8
Poison Magic   | |  3.0

Action                   |  1- 3 |  4- 6 |  7- 9 | 10-12 || total
-------------------------+-------+-------+-------+-------++-------
Melee: Unarmed           |   112 |   232 |   350 |    19 ||   713
       Punch             |     1 |     3 |     9 |       ||    13
 Fire: Longbow           |    16 |     2 |       |       ||    18
Evoke: Wand              |       |       |     4 |       ||     4
  Use: Scroll            |     1 |    11 |     8 |       ||    20
       Potion            |       |       |     1 |       ||     1
Armor: Robe              |     4 |       |       |       ||     4
       Ring mail         |    22 |    51 |    36 |       ||   109
       Chain mail        |       |    34 |    94 |       ||   128
       Scale mail        |       |       |    18 |     2 ||    20
Dodge: Dodged            |    65 |   120 |   104 |     2 ||   291
Block: Tower shield      |       |       |    50 |    13 ||    63
